 Dungeon Crawl Stone Soup version 0.28.0-43-g3370ac3207 (webtiles) character file.

Game seed: 9998461417365366863

74 RatsInWalls the Chopper (level 4, 0/44 HPs)
             Began as a Minotaur Monk on Mar 26, 2022.
             Slain by a water moccasin (2 damage)
             ... on level 3 of the Dungeon on Mar 29, 2022.
             The game lasted 00:36:50 (1827 turns).

RatsInWalls the Chopper (Minotaur Monk)             Turns: 1827, Time: 00:36:50

Health: 0/44       AC: 12    Str: 16    XL:     4   Next: 9%
Magic:  3/3        EV:  7    Int:  7    God:
Gold:   56         SH:  0    Dex: 14    Spells: 3/3 levels left

rFire   . . .      SeeInvis .   a - +0 hand axe (vorpal)
rCold   . . .      Faith    .   (no shield)
rNeg    . . .      Spirit   .   m - +3 chain mail "Begy" {Stlth+}
rPois   .          Reflect  .   (helmet restricted)
rElec   .          Harm     .   c - +0 cloak
rCorr   .          Rampage  .   (no gloves)
Will    .....                   (no boots)
Stlth   ..........              (no amulet)
HPRegen 0.00/turn               (no ring)
MPRegen 0.08/turn               (no ring)

@: inhibited regen, hasted (expiring), slow
A: horns 2, retaliatory headbutt, beak, sense surroundings 1, robust 1,
inhibited regeneration
a: no special abilities


You were on level 3 of the Dungeon.
You visited 1 branch of the dungeon, and saw 3 of its levels.
You also visited: Sewer.

You collected 56 gold pieces.

Inventory:

Hand Weapons
 a - a +0 vorpal hand axe (weapon)
 d - a +0 hunting sling
Missiles
 k - 30 stones (quivered)
Armour
 c - a +0 cloak (worn)
 m - the +3 chain mail "Begy" (worn) {Stlth+}
   (You found it on level 2 of the Dungeon)

   Stlth:     It makes you more stealthy.
Scrolls
 j - a scroll of silence


   Skills:
 + Level 4.1 Fighting
 + Level 5.0 Axes
 * Level 1.5 Armour
 + Level 3.7 Dodging
 - Level 1.5 Stealth


You had 3 spell levels left.
You didn't know any spells.
Your spell library contained the following spells:

 Spells                   Type           Power      Damage    Failure   Level
 Foxfire                  Conj/Fire      0%         2x1d4     100%        1
 Slow                     Hex            0%         N/A       100%        1
 Confusing Touch          Hex            0%         N/A       100%        3
 Vampiric Draining        Necr           0%         2d6       100%        3


Dungeon Overview and Level Annotations

Branches:
Dungeon (3/15)              Sewer (visited)

Altars:

Annotations:
D:2 exclusion: ogre


Innate Abilities, Weirdness & Mutations

You have a pair of horns on your head.
You reflexively headbutt those who attack you in melee.
You have a beak for a mouth.
You passively map a small area around you.
You are robust. (+10% HP)
You do not regenerate when monsters are visible.


Message History

The water moccasin barely misses you. The water moccasin bites you.
You are poisoned.
The water moccasin poisons you!
* * * LOW HITPOINT WARNING * * *
You feel very sick. The water moccasin closely misses you.
You furiously retaliate!
You headbutt the water moccasin.
* * * LOW HITPOINT WARNING * * *
You feel sick.
The water moccasin bites you but does no damage.
* * * LOW HITPOINT WARNING * * *
You feel sick.
The water moccasin bites you but does no damage.
You feel sick.
You feel sick. The water moccasin closely misses you.
You feel sick.
The water moccasin bites you but does no damage.
You see here a quokka corpse.
You feel sick. The water moccasin barely misses you.
Okay, then.
Okay, then.
Really quaff the potion of mutation?
You feel extremely strange.
You feel robust.
Your regeneration stops near monsters.
Your mouth lengthens and hardens into a beak!
You feel a strange attunement to the structure of the dungeons.
You feel sick.
You are no longer poisoned.
The water moccasin bites you but does no damage.
The water moccasin barely misses you.
The water moccasin bites you but does no damage.
The water moccasin bites you but does no damage.
The water moccasin bites you but does no damage.
The water moccasin closely misses you. You furiously retaliate!
You headbutt the water moccasin, but do no damage.
Your extra speed is starting to run out.
The water moccasin bites you but does no damage.
The water moccasin bites you.
You die...

##.#.###..###....## #†#
###.####..#.......# ####.###
#.......#..#.#....####.......
#.###...#.##†######≈##.##...#
...........#≈≈≈#≈≈≈≈≈≈#.......
##.##......#≈≈≈#≈≈#≈≈≈#.##....
#.##.#..####≈##≈≈##≈##.###.#.
#.......# #≈#≈≈≈≈#≈##.# ##.
####.#### #@#≈≈.≈#†##.#####.
#.# ##S##≈≈##≈##.......
####.### #≈≈≈####≈≈≈#######.
#......# #≈≈≈≈≈≈≈†≈≈# #.
#.##.#.# ##≈######≈## #. #
*#.#.# ####...### #. #.#.###
#.....# #.
#.....######...##########.
*###............†..........


You could see a water moccasin.

Vanquished Creatures
  3 worms (D:3)
  A dart slug (D:2)
  3 bats
  5 endoplasms (D:1)
  2 giant cockroaches (D:1)
  8 goblins
  4 hobgoblins
  2 jackals (Sewer)
  6 quokkas
  9 ball pythons
  2 frilled lizards (D:2)
  5 kobolds
  5 rats
55 creatures vanquished.

Notes
Turn   | Place    | Note
-------+----------+-------------------------------------------
     0 | D:1      | RatsInWalls the Minotaur Monk began the quest for the Orb.
     0 | D:1      | Reached XP level 1. HP: 19/19 MP: 0/0
   276 | D:1      | Reached skill level 4 in Axes
   292 | D:1      | Reached XP level 2. HP: 26/27 MP: 1/1
   691 | D:1      | Reached XP level 3. HP: 32/33 MP: 2/2
  1006 | D:2      | Found a faded altar of an unknown god.
  1015 | D:2      | Got Plato's Papyrus of Fire
  1128 | D:2      | Noticed an ogre
  1273 | D:2      | Reached skill level 1 in Armour
  1439 | D:2      | Identified the +3 chain mail "Begy" {Stlth+}
  1711 | D:3      | Reached XP level 4. HP: 37/40 MP: 3/3
  1717 | D:3      | Found a glowing drain.
  1728 | Sewer    | Entered a sewer
  1741 | Sewer    | Reached skill level 5 in Axes
  1778 | Sewer    | Noticed a water moccasin
  1819 | D:3      | Gained mutation: You are robust. (+10% HP) [potion of
                  | mutation]
  1819 | D:3      | Gained mutation: You do not regenerate when monsters are
                  | visible. [potion of mutation]
  1819 | D:3      | Gained mutation: You have a beak for a mouth. [potion of
                  | mutation]
  1819 | D:3      | Gained mutation: You passively map a small area around you.
                  | [potion of mutation]
  1819 | D:3      | HP: 2/44 [poisoned by a water moccasin]
  1827 | D:3      | Slain by a water moccasin

Illustrated notes

Levels and vault maps discovered:
D:1:      wheals_arrival_linesprint, layout_basic
D:2:      layout_loops_ring, shapermc_ecumenical_altar_rom_forum
D:3:      layout_loops_corners, mainiacjoe_overflow_six_doors_small,
          gup_sewer_entry_bubbles, minmay_misc_feat_iff

Skill      XL: |  1  2  3  4 |
---------------+-------------+-----
Axes           | 4 5 |  5.0
Armour         | 1 |  1.5
Fighting       | 4 |  4.1
Dodging        | |  3.7
Stealth        | |  1.5

Action                   |  1- 3 |  4- 6 || total
-------------------------+-------+-------++-------
Melee: Hand axe          |   109 |    14 ||   123
       Headbutt          |    19 |     2 ||    21
 Fire: Hunting sling     |     1 |       ||     1
Throw: Stone             |     1 |       ||     1
  Use: Scroll            |     4 |     2 ||     6
       Potion            |       |     3 ||     3
 Stab: Sleeping          |     1 |       ||     1
Armor: Robe              |     7 |       ||     7
       Ring mail         |    15 |       ||    15
       Chain mail        |    19 |    19 ||    38
Dodge: Dodged            |    46 |    10 ||    56
